 Dungeon Crawl Stone Soup version 0.28-a0-1002-gf00fe891ef (webtiles) character file.

Game seed: 1292213136683966530

251 Umoon the Ducker (level 5, 0/41 HPs)
             Began as a Demonspawn Gladiator on Dec 6, 2021.
             Slain by Sigmund (2 damage)
             ... on level 4 of the Dungeon.
             The game lasted 00:03:26 (2987 turns).

Umoon the Ducker (Demonspawn Gladiator)             Turns: 2987, Time: 00:03:27

Health: 0/41       AC: 17    Str: 16    XL:     5   Next: 88%
Magic:  5/5        EV: 12    Int:  9    God:
Gold:   98         SH:  0    Dex: 15    Spells: 4/4 levels left

rFire   . . .      SeeInvis .   t - +0 war axe (flame)
rCold   . . .      Faith    .   (no shield)
rNeg    . . .      Spirit   .   l - +0 ring mail
rPois   .          Reflect  .   c - +0 helmet
rElec   .          Harm     .   j - +1 cloak
rCorr   .          Rampage  .   (no gloves)
Will    .....                   (no boots)
Stlth   +.........              (no amulet)
HPRegen 0.13/turn               (no ring)
MPRegen 0.09/turn               (no ring)

@: sanguine armoured
A: sanguine armour 2, demonic touch 2
a: no special abilities


You were on level 4 of the Dungeon.
You visited 1 branch of the dungeon, and saw 4 of its levels.

You collected 98 gold pieces.

Inventory:

Hand Weapons
 a - a +0 rapier
 t - a +0 war axe of flaming (weapon)
Missiles
 d - 3 throwing nets (quivered)
Armour
 b - a +0 leather armour
 c - a +0 helmet (worn)
 j - a +1 cloak (worn)
 l - a +0 ring mail (worn)
Jewellery
 r - a ring of ice
Scrolls
 e - a scroll of noise {unknown}
 g - 2 scrolls of enchant armour {unknown}
 h - a scroll of magic mapping {unknown}
 i - a scroll of identify {unknown}
 k - a scroll of teleportation {unknown}
 n - a scroll of immolation {unknown}
 s - 2 scrolls of enchant weapon {unknown}
Potions
 f - 2 potions of flight {unknown}
 m - 6 potions of curing {unknown}
 o - a potion of attraction {unknown}
 p - a potion of berserk rage {unknown}
 q - a potion of degeneration {unknown}


   Skills:
 + Level 3.6 Fighting
 - Level 3.1 Short Blades
 * Level 1.2 Axes
 - Level 1.7 Throwing
 + Level 2.5 Armour
 + Level 3.9 Dodging


You had 4 spell levels left.
You didn't know any spells.
Your spell library was empty.

Dungeon Overview and Level Annotations

Branches:
Dungeon (4/15)
 Temple: D:4-7

Altars:
Fedhas

Shops:
D:1 ?

Annotations:
D:4 Sigmund


Innate Abilities, Weirdness & Mutations

When seriously injured, your blood forms thick armour. (AC +9)
Your touch may inflict irresistible damage on your foes.


Message History

You barely miss the kobold.
The kobold hits you but does no damage. x2
You hit the kobold but do no damage. Your touch misses the kobold.
The kobold hits you with a +0 dagger.
Sigmund mumbles some strange words.
Sigmund flickers and vanishes!
Deactivating autopickup; reactivate with Ctrl-A.
You hit the kobold. You burn the kobold.
You kill the kobold!
The ogre closely misses you. Something hits you but does no damage.
You slash the ogre! You burn the ogre.
You touch the ogre.
The ogre is severely wounded.
The ogre hits you with a +0 giant spiked club!!
Your blood congeals into armour.
Something hits you!
* * * LOW HITPOINT WARNING * * *
You are too injured to fight recklessly!
You slash the ogre! You burn the ogre.
You kill the ogre!
Something hits you but does no damage.
Your Axes skill increases to level 1!
Items here: ( )) ††.
You barely miss something. Your touch misses something. Something hits you.
* * * LOW HITPOINT WARNING * * *
You closely miss something. Something hits you but does no damage.
You miss something. Your touch misses something.
Something hits you but does no damage.
You barely miss something.
You touch something.
Something hits you but does no damage.
You barely miss something.
You touch something!
Something hits you.
* * * LOW HITPOINT WARNING * * *
You miss something.
You hear some strange, mumbled words.
Something tries to affect you, but you resist.
You slash something! You burn something. Your touch misses something.
You hear some strange, mumbled words.
A magic dart appears from out of thin air!
The magic dart hits you but does no damage.
You hear some strange, mumbled words.
Something tries to affect you, but you resist.
You hit something but do no damage. Something hits you.
You die...

.....
.... ....
..# ..#
#Z# #{#
.#.w≈ #@#
. ≈≈#≈
##.#
g#≈≈≈
#<.# .
≈≈≈≈
#..).#
≈≈≈#≈#
#...?..
≈≈≈≈#≈
#....#.#
≈≈.[≈≈
######...
≈≈.(..
##.
#≈.≈≈≈ #
≈≈#.≈≈


You could see a centaur skeleton.

Vanquished Creatures
  An ogre (D:4)
  An orc priest (D:3)
  An iguana (D:3)
  4 adders
  2 dart slugs (D:2)
  5 orcs (D:3)
  4 bats
  5 endoplasms
  4 giant cockroaches
  8 goblins
  5 hobgoblins
  4 jackals (D:2)
  A quokka (D:2)
  4 ball pythons
  3 frilled lizards
  8 kobolds
  7 rats
67 creatures vanquished.

Notes
Turn   | Place    | Note
-------+----------+-------------------------------------------
     0 | D:1      | Umoon the Demonspawn Gladiator began the quest for the Orb.
     0 | D:1      | Reached XP level 1. HP: 16/16 MP: 1/1
   122 | D:1      | Found Vorchoafi's Magic Scroll Shop.
   623 | D:1      | Found a faded altar of an unknown god.
   644 | D:1      | Gained mutation: Your touch may inflict minor irresistible
                  | damage on your foes. [demonic ancestry]
   644 | D:1      | Reached XP level 2. HP: 22/22 MP: 2/2
  1168 | D:2      | Reached skill level 1 in Armour
  1168 | D:2      | Gained mutation: When seriously injured, your blood forms
                  | armour. (AC +9) [demonic ancestry]
  1168 | D:2      | Reached XP level 3. HP: 28/28 MP: 3/3
  1694 | D:2      | Found a blossoming altar of Fedhas.
  1708 | D:2      | Gained mutation: Your touch may inflict irresistible damage
                  | on your foes. [demonic ancestry]
  1708 | D:2      | Reached XP level 4. HP: 19/34 MP: 4/4
  2605 | D:3      | Gained mutation: When seriously injured, your blood forms
                  | thick armour. (AC +9) [demonic ancestry]
  2605 | D:3      | Reached XP level 5. HP: 17/41 MP: 5/5
  2970 | D:4      | Noticed an ogre
  2973 | D:4      | Noticed Sigmund
  2978 | D:4      | Killed an ogre
  2979 | D:4      | Reached skill level 1 in Axes
  2984 | D:4      | HP: 2/41 [something (6)]
  2987 | D:4      | Slain by Sigmund

Illustrated notes

Levels and vault maps discovered:
D:1:      dpeg_arrival_castle, layout_basic, ebering_ecumenical_altar_box,
          serial_shops, shop
D:2:      wad_pebble_path, layout_rooms, basic_altar
D:3:      layout_rooms
D:4:      kennysheep_slugbush, layout_rooms, nicolae_uskayaw_dance_hall,
          minmay_overflow_temple_star_hex,
          hangedman_abyss_or_decor_jellyfish_corner, amethyst_killhole,
          uniq_sigmund

Skill      XL: |  1  2  3  4  5 |
---------------+----------------+-----
Short Blades   | 3 |  3.1
Armour         | 1 2 |  2.5
Dodging        | 3 |  3.9
Fighting       | 3 |  3.6
Axes           | 1 |  1.2
Throwing       | |  1.7

Action                   |  1- 3 |  4- 6 || total
-------------------------+-------+-------++-------
Melee: Rapier            |   117 |    54 ||   171
       Touch             |    12 |    11 ||    23
       War axe           |       |    15 ||    15
Armor: Leather armour    |    15 |       ||    15
       Ring mail         |    69 |    36 ||   105
Dodge: Dodged            |    93 |    23 ||   116

Table legend: (Time is in decaauts)
 A = Elapsed time spent in this place.
 B = Non-inter-level travel time spent in this place.
 C = Inter-level travel time spent in this place.
 D = Time resting spent in this place.
 E = Time spent auto-exploring this place.
 F = Levels seen in this place.
 G = Mean time per level.
                   A        B        C        D        E       F      G
               +--------+--------+--------+--------+--------+-----+--------+
         Total |   3005 |   2941 |     64 |    202 |   2288 |   4 |  751.2 |
       Dungeon |   3005 |   2941 |     64 |    202 |   2288 |   4 |  751.2 |
               +--------+--------+--------+--------+--------+-----+--------+

Top non-repeatable levels by time:
     D:1: 1023 daAuts
     D:2: 1016 daAuts
     D:3: 935 daAuts
     D:4: 29 daAuts
